TOP OF THE 1ST |
Round Rock Express batting - Pitching for Rochester Red Wings : LHP Ryan Fulford
|
Pitching: LHP Ryan Fulford
|
|
Batting: RHB Casey Semenza
|
0-0: Ground out 4-3 (Groundball, 4M, EV 91.9 MPH)
|
Batting: SHB David Simpson
|
0-0: Ball 1-0: Ball 2-0: Ball 3-0: Called Strike 3-1: Base on Balls
|
Batting: RHB Jason Keller
|
0-0: Called Strike 0-1: Fielders Choice at 2nd, 5-4 (Groundball, 5, EV 91.9 MPH)
|
Batting: RHB Bobby Keithley
|
0-0: Fielders Choice at 2nd, U4 (Groundball, 4M, EV 92.5 MPH)
|
Top of the 1st over - 0 runs, 0 hits, 0 errors, 1 left on base; Round Rock 0 - Rochester 0 |
BOTTOM OF THE 1ST |
Rochester Red Wings batting - Pitching for Round Rock Express : RHP Roberto Reyes
|
Pitching: RHP Roberto Reyes
|
|
Batting: RHB Yonetoshi Muranaka
|
0-0: Called Strike 0-1: Ground out 6-3 (Groundball, 6, EV 105.6 MPH)
|
Batting: RHB Israel Gaona
|
0-0: Ball 1-0: Ball 2-0: Called Strike 2-1: Foul Ball, location: 2F 2-2: SINGLE (Groundball, 56D, EV 96.9 MPH)
|
Batting: LHB Yat-sen Zhu
|
0-0: Ball 1-0: Ball 2-0: Called Strike 2-1: Foul Ball, location: 2F 2-2: Foul Ball, location: 2F 2-2: Foul Ball, location: 2F 2-2: Ball 3-2: Base on Balls Israel Gaona to second
|
Batting: RHB Jimmy Buzard
|
0-0: Called Strike 0-1: DOUBLE (Line Drive, 9LS, EV 95.0 MPH) Israel Gaona scores Yat-sen Zhu to third
|
Batting: SHB Aaron Tatar
|
0-0: Ball 1-0: Ball 2-0: Ball 3-0: Called Strike 3-1: Ground out U3 (Groundball, 34S, EV 90.6 MPH) Yat-sen Zhu scores Jimmy Buzard to third
|
Batting: RHB Josh Zoglmann
|
0-0: Called Strike 0-1: Ball 1-1: Ground out 6-3 (Groundball, 6, EV 85.6 MPH)
|
Bottom of the 1st over - 2 runs, 2 hits, 0 errors, 1 left on base; Round Rock 0 - Rochester 2 |
TOP OF THE 2ND |
Round Rock Express batting - Pitching for Rochester Red Wings : LHP Ryan Fulford
|
Batting: RHB Carlos Lopez
|
0-0: Called Strike 0-1: Ball 1-1: Foul Ball, location: 2F 1-2: Ground out 4-3 (Groundball, 4, EV 88.8 MPH)
|
Batting: LHB Jeff Densmore
|
0-0: Swinging Strike 0-1: Ball 1-1: Foul Ball, location: 2F 1-2: Ball 2-2: Foul Ball, location: 2F 2-2: Ball 3-2: Foul Ball, location: 2F 3-2: Fly out, F7 (Flyball, 7LS, EV 81.2 MPH)
|
Batting: RHB Dale Aubrey
|
0-0: Called Strike 0-1: Foul Ball, location: 2F 0-2: Foul Ball, location: 2F 0-2: Fly out, F7 (Flyball, 78S, EV 95.6 MPH)
|
Top of the 2nd over - 0 runs, 0 hits, 0 errors, 0 left on base; Round Rock 0 - Rochester 2 |
BOTTOM OF THE 2ND |
Rochester Red Wings batting - Pitching for Round Rock Express : RHP Roberto Reyes
|
Batting: RHB Aaron Trotman
|
0-0: Ball 1-0: Ball 2-0: Called Strike 2-1: Foul Ball, location: 2F 2-2: Ball 3-2: Base on Balls
|
Batting: RHB Adam Noyes
|
0-0: Swinging Strike 0-1: Ball 1-1: Ball 2-1: Ball 3-1: Grounds into double play, 5-4-3 (Groundball, 56S, EV 81.9 MPH)
|
Batting: LHB David McNair
|
0-0: Called Strike 0-1: Ball 1-1: Ball 2-1: Ball 3-1: Ground out 4-3 (Groundball, 4M, EV 105.6 MPH)
|
Bottom of the 2nd over - 0 runs, 0 hits, 0 errors, 0 left on base; Round Rock 0 - Rochester 2 |
TOP OF THE 3RD |
Round Rock Express batting - Pitching for Rochester Red Wings : LHP Ryan Fulford
|
Batting: RHB Jason Sher
|
0-0: Called Strike 0-1: Foul Ball, location: 2F 0-2: SINGLE (Groundball, 56S, EV 71.2 MPH) (infield hit)
|
Batting: SHB Greg Prime
|
0-0: Fielders Choice at 2nd, 4-6 (Groundball, 4, EV 87.5 MPH)
|
Batting: RHB Casey Semenza
|
0-0: Called Strike 0-1: Swinging Strike 0-2: SINGLE (Groundball, 4MD, EV 106.9 MPH) Greg Prime to second
|
Batting: SHB David Simpson
|
0-0: Ball 1-0: Ball 2-0: Ball 3-0: Foul Ball, location: 2F 3-1: Grounds into double play, 5-4-3 (Groundball, 15, EV 95.0 MPH)
|
Top of the 3rd over - 0 runs, 2 hits, 0 errors, 1 left on base; Round Rock 0 - Rochester 2 |
BOTTOM OF THE 3RD |
Rochester Red Wings batting - Pitching for Round Rock Express : RHP Roberto Reyes
|
Batting: RHB Yonetoshi Muranaka
|
0-0: Called Strike 0-1: Ball 1-1: Foul Ball, location: 2F 1-2: Ground out 5-3 (Groundball, 56, EV 108.1 MPH)
|
Batting: RHB Israel Gaona
|
0-0: Ball 1-0: SINGLE (Groundball, 6MD, EV 105.6 MPH)
|
Batting: LHB Yat-sen Zhu
|
0-0: Called Strike 0-1: Ball 1-1: Ball 2-1: DOUBLE (Line Drive, 7LM, EV 113.1 MPH) Israel Gaona to third Runner from 3rd tries for Home, SAFE, throw by LF to trailing runner, OUT at third! 7-3-5
|
Batting: RHB Jimmy Buzard
|
0-0: Called Strike 0-1: Ball 1-1: Called Strike 1-2: Strikes out swinging
|
Bottom of the 3rd over - 1 run, 2 hits, 0 errors, 0 left on base; Round Rock 0 - Rochester 3 |
TOP OF THE 4TH |
Round Rock Express batting - Pitching for Rochester Red Wings : LHP Ryan Fulford
|
Batting: RHB Jason Keller
|
0-0: Ball 1-0: Ball 2-0: Called Strike 2-1: Ball 3-1: Foul Ball, location: 2F 3-2: Base on Balls
|
Batting: RHB Bobby Keithley
|
0-0: Fly out, F9 (Line Drive, 9, EV 92.5 MPH)
|
Batting: RHB Carlos Lopez
|
0-0: Ball 1-0: Ball 2-0: Fielders Choice at 2nd, 6-4 (Groundball, 6, EV 89.4 MPH)
|
Batting: LHB Jeff Densmore
|
0-0: Ball 1-0: 2-RUN HOME RUN (Flyball, 89XD, EV 106.9 MPH), Distance : 409 ft
|
Batting: RHB Dale Aubrey
|
0-0: Ball 1-0: Called Strike 1-1: DOUBLE (Line Drive, 7LM, EV 108.1 MPH)
|
Batting: RHB Jason Sher
|
0-0: Ball 1-0: Called Strike 1-1: Ball 2-1: Foul Ball, location: 2F 2-2: Foul Ball, location: 2F 2-2: Foul Ball, location: 2F 2-2: Ball Wild Pitch! Dale Aubrey to third 3-2: Base on Balls
|
Batting: SHB Greg Prime
|
0-0: Called Strike 0-1: Swinging Strike 0-2: Ball 1-2: Foul Ball, location: 2F 1-2: Foul Ball, location: 2F 1-2: Strikes out swinging
|
Top of the 4th over - 2 runs, 2 hits, 0 errors, 2 left on base; Round Rock 2 - Rochester 3 |
BOTTOM OF THE 4TH |
Rochester Red Wings batting - Pitching for Round Rock Express : RHP Roberto Reyes
|
Batting: SHB Aaron Tatar
|
0-0: Called Strike 0-1: Fly out, F9 (Flyball, 89M, EV 83.8 MPH)
|
Batting: RHB Josh Zoglmann
|
0-0: Foul Ball, location: 2F 0-1: Swinging Strike 0-2: Strikes out swinging
|
Batting: RHB Aaron Trotman
|
0-0: Swinging Strike 0-1: Swinging Strike 0-2: Strikes out swinging
|
Bottom of the 4th over - 0 runs, 0 hits, 0 errors, 0 left on base; Round Rock 2 - Rochester 3 |
TOP OF THE 5TH |
Round Rock Express batting - Pitching for Rochester Red Wings : LHP Ryan Fulford
|
Batting: RHB Casey Semenza
|
0-0: Foul Ball, location: 2F 0-1: Called Strike 0-2: Hit by Pitch
|
Batting: SHB David Simpson
|
0-0: Called Strike 0-1: Foul Ball, location: 2F 0-2: Foul Ball, location: 2F 0-2: Foul Ball, location: 2F 0-2: Grounds into double play, 4-6-3 (Groundball, 34S, EV 94.4 MPH)
|
Batting: RHB Jason Keller
|
0-0: Ball 1-0: Foul Ball, location: 2F 1-1: Foul Ball, location: 2F 1-2: Foul Ball, location: 2F 1-2: Fly out, F9 (Flyball, 9, EV 74.4 MPH)
|
Top of the 5th over - 0 runs, 0 hits, 0 errors, 0 left on base; Round Rock 2 - Rochester 3 |
BOTTOM OF THE 5TH |
Rochester Red Wings batting - Pitching for Round Rock Express : RHP Roberto Reyes
|
Batting: RHB Adam Noyes
|
0-0: Ball 1-0: Foul Ball, location: 2F 1-1: Called Strike 1-2: Ball 2-2: Ball 3-2: Foul Ball, location: 2F 3-2: Strikes out swinging
|
Batting: LHB David McNair
|
0-0: Foul Ball, location: 2F 0-1: Ball 1-1: Swinging Strike 1-2: Fly out, F3 (Popup, 34, EV 68.8 MPH)
|
Batting: RHB Yonetoshi Muranaka
|
0-0: Ground out 6-3 (Groundball, 6M, EV 83.1 MPH)
|
Bottom of the 5th over - 0 runs, 0 hits, 0 errors, 0 left on base; Round Rock 2 - Rochester 3 |
TOP OF THE 6TH |
Round Rock Express batting - Pitching for Rochester Red Wings : LHP Ryan Fulford
|
Batting: RHB Bobby Keithley
|
0-0: Ball 1-0: Ball 2-0: Called Strike 2-1: Foul Ball, location: 2F 2-2: Ground out 5-3 (Groundball, 56S, EV 94.4 MPH)
|
Batting: RHB Carlos Lopez
|
0-0: Ball 1-0: Ball 2-0: Foul Ball, location: 2F 2-1: Ball 3-1: Base on Balls
|
Batting: LHB Jeff Densmore
|
0-0: Ball Carlos Lopez steals 2nd, throwing error, E2 Carlos Lopez to third 1-0: Ball 2-0: Ball 3-0: Called Strike 3-1: SINGLE (Groundball, 5L, EV 95.0 MPH) Carlos Lopez scores
|
Pitching: RHP Ryan Bushey
|
|
Batting: RHB Dale Aubrey
|
0-0: Called Strike Jeff Densmore steals 2nd base 0-1: Ball 1-1: Foul Ball, location: 2F 1-2: Ball 2-2: Ball 3-2: Strikes out looking
|
Batting: RHB Jason Sher
|
0-0: Called Strike 0-1: Reached on error, E2 (Groundball, 2L, EV 66.9 MPH) Jeff Densmore scores
|
Batting: SHB Greg Prime
|
0-0: Ball 1-0: Ball 2-0: Called Strike 2-1: Foul Ball, location: 2F 2-2: Strikes out looking
|
Top of the 6th over - 2 runs, 1 hit, 2 errors, 1 left on base; Round Rock 4 - Rochester 3 |
BOTTOM OF THE 6TH |
Rochester Red Wings batting - Pitching for Round Rock Express : RHP Roberto Reyes
|
Batting: RHB Israel Gaona
|
0-0: Swinging Strike 0-1: Ball 1-1: Ball 2-1: Foul Ball, location: 2F 2-2: Foul Ball, location: 2F 2-2: Fly out, F8 (Line Drive, 8LD, EV 91.2 MPH)
|
Batting: LHB Yat-sen Zhu
|
0-0: Called Strike 0-1: Ball 1-1: Swinging Strike 1-2: Strikes out swinging
|
Batting: RHB Jimmy Buzard
|
0-0: Ball 1-0: Ball 2-0: DOUBLE (Flyball, 8LXD, EV 111.9 MPH)
|
Batting: SHB Aaron Tatar
|
0-0: Ball 1-0: Ball 2-0: Called Strike 2-1: Ball Passed Ball! Jimmy Buzard to third 3-1: Base on Balls
|
Batting: RHB Josh Zoglmann
|
0-0: Fielders Choice at 2nd, 6-4 (Groundball, 56D, EV 102.5 MPH)
|
Bottom of the 6th over - 0 runs, 1 hit, 0 errors, 2 left on base; Round Rock 4 - Rochester 3 |
TOP OF THE 7TH |
Round Rock Express batting - Pitching for Rochester Red Wings : RHP Ryan Bushey
|
Batting: RHB Casey Semenza
|
0-0: Swinging Strike 0-1: Ball 1-1: Ball 2-1: Ground out 1-3 (Groundball, 13, EV 72.5 MPH)
|
Batting: SHB David Simpson
|
0-0: Ball 1-0: Ball 2-0: Called Strike 2-1: Foul Ball, location: 2F 2-2: Ball 3-2: Base on Balls
|
Pinch Hitting: LHB Cooper Broomhall
|
0-0: Called Strike 0-1: Swinging Strike 0-2: SINGLE (Groundball, 34, EV 81.9 MPH) (infield hit) David Simpson to second
|
Batting: RHB Bobby Keithley
|
0-0: Ball 1-0: Called Strike 1-1: Called Strike 1-2: Fly out, F7 (Flyball, 7LSF, EV 90.6 MPH)
|
Batting: RHB Carlos Lopez
|
0-0: TRIPLE (Flyball, 9LD, EV 96.9 MPH) David Simpson scores Cooper Broomhall scores
|
Batting: LHB Jeff Densmore
|
0-0: Called Strike 0-1: Ball 1-1: DOUBLE (Line Drive, 78M, EV 98.1 MPH) Carlos Lopez scores
|
Pitching: RHP Edwin Sanchez
|
|
Batting: RHB Dale Aubrey
|
0-0: Ball 1-0: Called Strike 1-1: Called Strike 1-2: Ground out 4-3 (Groundball, 4S, EV 71.9 MPH)
|
Top of the 7th over - 3 runs, 3 hits, 0 errors, 1 left on base; Round Rock 7 - Rochester 3 |
BOTTOM OF THE 7TH |
Rochester Red Wings batting - Pitching for Round Rock Express : RHP Roberto Reyes
|
Now at 1B: Cooper Broomhall
|
|
Now at 2B: Ivan Colon
|
|
Now at 3B: Jason Sher
|
|
Batting: RHB Aaron Trotman
|
0-0: Swinging Strike 0-1: Called Strike 0-2: Foul Ball, location: 2F 0-2: Strikes out swinging
|
Batting: RHB Adam Noyes
|
0-0: Ball 1-0: Ball 2-0: Called Strike 2-1: Reached on error, E4 (Groundball, 4, EV 103.8 MPH)
|
Pitching: RHP Aaron Munt
|
|
Batting: LHB David McNair
|
0-0: Foul Ball, location: 2F 0-1: Foul Ball, location: 2F 0-2: Ball 1-2: Foul Ball, location: 2F 1-2: Ball 2-2: Foul Ball, location: 2F 2-2: Ball 3-2: SINGLE (Groundball, 6MD, EV 106.9 MPH) Adam Noyes to second Adam Noyes to third
|
Batting: RHB Yonetoshi Muranaka
|
0-0: Ball 1-0: Called Strike 1-1: Fly out, F9 (Line Drive, 9LS, EV 112.5 MPH) Runner from 3rd tags up, SCORES, throw by RF
|
Batting: RHB Israel Gaona
|
0-0: Foul Ball, location: 2F 0-1: Foul Ball, location: 2F 0-2: Ball 1-2: Foul Ball, location: 2F 1-2: Ball 2-2: Foul Ball, location: 2F 2-2: Strikes out looking
|
Bottom of the 7th over - 1 run, 1 hit, 1 error, 1 left on base; Round Rock 7 - Rochester 4 |
TOP OF THE 8TH |
Round Rock Express batting - Pitching for Rochester Red Wings : RHP Edwin Sanchez
|
Batting: RHB Jason Sher
|
0-0: Reached on error, E4 (Groundball, 4, EV 92.5 MPH)
|
Batting: SHB Greg Prime
|
0-0: Bunt - Flyout to 23! F3
|
Batting: RHB Casey Semenza
|
0-0: Ball Jason Sher steals 2nd base 1-0: Called Strike 1-1: Ball 2-1: Swinging Strike 2-2: Foul Ball, location: 2F 2-2: Ball 3-2: Fly out, F7 (Flyball, 7D, EV 97.5 MPH)
|
Batting: SHB David Simpson
|
0-0: Ball 1-0: Ball 2-0: Ball 3-0: Called Strike 3-1: Foul Ball, location: 2F 3-2: Base on Balls
|
Batting: LHB Cooper Broomhall
|
0-0: Called Strike 0-1: Swinging Strike 0-2: DOUBLE (Line Drive, 7LS, EV 108.8 MPH) Jason Sher scores David Simpson to third Runner from 3rd tries for Home, throw by LF and OUT! 7-6-2
|
Top of the 8th over - 1 run, 1 hit, 1 error, 1 left on base; Round Rock 8 - Rochester 4 |
BOTTOM OF THE 8TH |
Rochester Red Wings batting - Pitching for Round Rock Express : RHP Aaron Munt
|
Batting: LHB Yat-sen Zhu
|
0-0: Called Strike 0-1: Ball 1-1: Foul Ball, location: 2F 1-2: SINGLE (Line Drive, 7S, EV 90.6 MPH)
|
Batting: RHB Jimmy Buzard
|
0-0: Called Strike 0-1: Swinging Strike 0-2: Ball 1-2: Foul Ball, location: 2F 1-2: Ball 2-2: Ball 3-2: Strikes out swinging Yat-sen Zhu steals 2nd base Batter strikes out.
|
Batting: SHB Aaron Tatar
|
0-0: Ball 1-0: Ground out 6-3 (Groundball, 6MS, EV 90.6 MPH) Yat-sen Zhu to third
|
Batting: RHB Josh Zoglmann
|
0-0: Foul Ball, location: 2F 0-1: Ball 1-1: Ball 2-1: Ball 3-1: Called Strike 3-2: Foul Ball, location: 2F 3-2: Foul Ball, location: 2F 3-2: Ground out 5-3 (Groundball, 5, EV 88.1 MPH)
|
Bottom of the 8th over - 0 runs, 1 hit, 0 errors, 1 left on base; Round Rock 8 - Rochester 4 |
TOP OF THE 9TH |
Round Rock Express batting - Pitching for Rochester Red Wings : RHP Edwin Sanchez
|
Pitching: RHP Tim Riley
|
|
Batting: RHB Ivan Colon
|
0-0: SOLO HOME RUN (Flyball, 7D, EV 96.9 MPH), Distance : 367 ft
|
Batting: RHB Carlos Lopez
|
0-0: Foul Ball, location: 2F 0-1: Foul Ball, location: 2F 0-2: Strikes out swinging
|
Batting: LHB Jeff Densmore
|
0-0: Ball 1-0: Ball 2-0: Called Strike 2-1: Ball 3-1: Base on Balls
|
Batting: RHB Dale Aubrey
|
0-0: Foul Ball, location: 2F 0-1: Foul Ball, location: 2F 0-2: Ball 1-2: Fielders Choice at 2nd, 4-6 (Groundball, 4M, EV 81.2 MPH)
|
Batting: RHB Jason Sher
|
0-0: Ball Dale Aubrey steals 2nd base 1-0: Foul Ball, location: 2F 1-1: Ground out 5-3 (Groundball, 56, EV 83.8 MPH)
|
Top of the 9th over - 1 run, 1 hit, 0 errors, 1 left on base; Round Rock 9 - Rochester 4 |
BOTTOM OF THE 9TH |
Rochester Red Wings batting - Pitching for Round Rock Express : RHP Aaron Munt
|
Batting: RHB Aaron Trotman
|
0-0: Ball 1-0: Foul Ball, location: 2F 1-1: Ball 2-1: Called Strike 2-2: Foul Ball, location: 2F 2-2: Strikes out swinging
|
Batting: RHB Adam Noyes
|
0-0: Ball 1-0: Ball 2-0: Ball 3-0: Base on Balls
|
Pitching: LHP Jon Valdovinos
|
|
Batting: LHB David McNair
|
0-0: Called Strike 0-1: Ball 1-1: Fly out, F9 (Flyball, 9LM, EV 88.1 MPH)
|
Batting: RHB Yonetoshi Muranaka
|
0-0: Fielders Choice at 2nd, 5-4 (Groundball, 5, EV 95.0 MPH)
|
Bottom of the 9th over - 0 runs, 0 hits, 0 errors, 1 left on base; Round Rock 9 - Rochester 4 |
|